Map: Dash and Terminal LE (Void)

Players

True - Winner!

  • Race: Zerg Zerg
  • League: Master

Welmu

  • Race: Protoss Protoss
  • League: Diamond

Event: Team Gravity's Fight Night #37

VOD

https://youtu.be/vqxaqRRcFTA?t=35m47s

Description

Time

  • Played on: Oct. 31, 2015, 5:58 p.m.
  • Length: 7:20

All games in this series

Show
View Real Time Build Order
Export as new Build Order

True Zerg - Winner!

Build Orders: 3 Hatch before Pool 

Get SALT Encoding   

  12  0:10  Drone  
  12  0:13  Overlord  
  13  0:20  Drone  
  14  0:31  Drone x2  
  16  0:42  Drone  
  17  0:53  Hatchery  
  16  0:57  Drone  
  16  1:04  Drone  
  18  1:24  Hatchery  
  18  1:25  Drone  
  18  1:37  Spawning Pool  
  18  1:39  Drone  
  18  1:43  Extractor  
  18  1:45  Drone  
  18  1:48  Drone  
  19  1:58  Drone  
  20  2:08  Drone x2  
  23  2:22  Drone  
  23  2:24  Queen x2  
  23  2:28  Overlord  
  27  2:30  Drone  
  27  2:36  Drone x2  
  30  2:39  Drone  
  30  2:41  Drone  
  32  2:45  Metabolic Boost  
  32  2:48  Drone  
  33  2:53  Zergling x2  
  33  2:54  Zergling x2  
  35  3:00  Queen  
  37  3:07  Overlord  
  37  3:08  Drone x2  
  37  3:09  Drone  
  37  3:11  Drone  
  41  3:13  Drone  
  42  3:24  Queen  
  42  3:25  Overlord  
  42  3:26  Drone x2  
  46  3:33  Drone  
  46  3:34  Drone x4  
  50  3:36  Drone  
  50  3:44  Overlord  
  50  3:45  Drone  
  50  3:47  Drone  
  52  3:49  Extractor  
  52  3:50  Extractor  
  52  3:51  Drone  
  52  3:52  Roach Warren  
  52  3:53  Drone  
  51  3:57  Drone  
  52  4:10  Drone x2  
  52  4:11  Overlord  
  52  4:12  Drone x3  
  52  4:13  Drone x6  
  63  4:19  Overlord  
  63  4:20  Drone  
  64  4:24  Overlord  
  64  4:33  Roach x2  
  64  4:34  Roach  
  64  4:37  Spine Crawler x2  
  68  4:39  Spine Crawler, Roach  
  68  4:40  Roach  
  68  4:42  Roach  
  68  4:45  Roach  
  75  4:47  Roach  
  75  4:48  Roach  
  75  4:50  Roach  
  81  4:53  Roach x2  
  81  4:57  Roach  
  81  4:58  Roach  
  89  5:00  Overlord  
  89  5:02  Overlord  
  89  5:04  Overlord  
  89  5:11  Overlord  
  89  5:19  Roach x4  
  89  5:20  Overlord  
  97  5:22  Roach x2  
  97  5:23  Roach  
  97  5:25  Roach  
  97  5:26  Roach  
  97  5:28  Roach  
  109  5:32  Roach  
  109  5:33  Roach  
  112  5:41  Overlord  
  112  5:42  Zergling x12  
  118  5:43  Zergling x2  
  118  5:45  Ravager  
  118  5:47  Ravager  
  118  5:48  Zergling x4  
  123  5:53  Zergling x2  
  124  5:58  Ravager  
  124  5:59  Zergling x4  
  127  6:09  Zergling x4  
  127  6:10  Zergling x2  
  130  6:11  Overlord  
  130  6:13  Zergling x2  
  130  6:14  Zergling x14  
  138  6:20  Spine Crawler  
  138  6:23  Ravager  
  138  6:24  Overlord  
  138  6:30  Zergling x2  
  138  6:31  Zergling x2  
  138  6:32  Zergling x2  
  140  6:33  Zergling x2  
  140  6:36  Zergling x2  
  133  6:40  Zergling x2  
  133  6:42  Zergling x2  
  133  6:43  Zergling x4  
  133  6:44  Zergling x2  
  133  6:46  Zergling x2  
  131  6:47  Zergling x4  
  131  6:50  Roach x2  
  131  6:51  Roach  
Show
View Real Time Build Order
Export as new Build Order

Welmu Protoss 

Build Orders: Nexus First 

Get SALT Encoding   

  12  0:01  Probe (Chrono Boost)  
  13  0:11  Probe (Chrono Boost)  
  14  0:19  Pylon  
  14  0:23  Probe (Chrono Boost)  
  15  0:38  Probe (Chrono Boost)  
  16  0:48  Probe (Chrono Boost)  
  17  0:59  Probe (Chrono Boost)  
  18  1:04  Nexus  
  18  1:09  Probe (Chrono Boost)  
  19  1:16  Gateway  
  19  1:20  Probe (Chrono Boost)  
  20  1:27  Pylon  
  20  1:30  Probe (Chrono Boost)  
  21  1:38  Assimilator  
  21  1:41  Probe (Chrono Boost)  
  21  1:45  Assimilator  
  22  1:51  Probe (Chrono Boost)  
  23  2:02  Probe (Chrono Boost)  
  23  2:05  Cybernetics Core  
  24  2:12  Probe (Chrono Boost)  
  25  2:16  Probe (Chrono Boost)  
  26  2:23  Probe (Chrono Boost)  
  26  2:27  Probe (Chrono Boost)  
  28  2:33  Probe (Chrono Boost)  
  28  2:34  Pylon  
  29  2:37  Probe (Chrono Boost)  
  29  2:40  Adept (Chrono Boost)  
  29  2:41  Warp Gate (Chrono Boost)  
  29  2:42  Probe (Chrono Boost)  
  33  2:49  Probe (Chrono Boost)  
  33  2:50  Robotics Facility  
  34  2:56  Probe (Chrono Boost)  
  35  3:00  Mothership Core (Chrono Boost)  
  37  3:06  Probe (Chrono Boost)  
  38  3:15  Sentry  
  38  3:16  Probe (Chrono Boost)  
  38  3:19  Probe  
  42  3:20  Gateway x2  
  42  3:25  Gateway  
  42  3:26  Probe  
  42  3:34  Probe, Warp Prism (Chrono Boost)  
  44  3:37  Probe  
  45  3:45  Assimilator  
  45  3:46  Probe  
  46  3:49  Pylon  
  46  3:56  Pylon  
  46  3:59  Probe  
  46  4:00  Probe  
  46  4:02  Assimilator  
  48  4:08  Gateway  
  48  4:09  Gateway  
  48  4:14  Gateway  
  48  4:17  Gateway  
  48  4:18  Pylon  
  50  4:31  Pylon  
  50  4:34  Zealot x2  
  50  4:37  Zealot  
  54  4:39  Observer  
  54  4:42  Sentry  
  57  5:08  Adept x4  
  57  5:13  Gateway  
  65  5:31  Stalker x3  
  65  5:32  Sentry x3, Zealot x2  
  81  5:39  Pylon  
  81  5:41  Pylon  
  81  5:43  Pylon  
  81  5:45  Pylon  
  81  5:55  Sentry x2  
  85  6:09  Stalker  
  85  6:10  Stalker x4  
  95  6:13  Stalker  
  95  6:34  Stalker x3  
  95  6:35  Zealot x5  
  99  6:41  Stalker  

Tags
 
Add a new tag
Caveats
  • Supply blocks, unpowered buildings, or Contaminate may cause inaccurate times.
  • Supply counts are checked every 10 seconds.